Map: 凯罗斯中转站-天梯版

Players

Toodming - Winner!

  • Race: Zerg Zerg
  • League: Gold

yohilo

  • Race: Terran Terran
  • League: Silver

Event: WESG 2018 Grand Finals

VOD

Have the link to the VOD?

Description

Time

  • Played on: March 12, 2019, 3:32 a.m.
  • Length: 3:51

All games in this series

Show
View Real Time Build Order
Export as new Build Order

Toodming Zerg - Winner!

Build Orders: Pool First 

Get SALT Encoding   

  12  0:00  Drone  
  13  0:12  Overlord  
  13  0:16  Drone  
  14  0:30  Drone  
  14  0:31  Drone  
  16  0:40  Spawning Pool  
  15  0:44  Drone  
  15  0:48  Drone  
  17  1:08  Hatchery  
  16  1:11  Drone  
  17  1:25  Extractor  
  17  1:27  Zergling x4  
  17  1:29  Zergling x2  
  17  1:32  Queen  
  19  1:39  Overlord  
  21  1:49  Drone  
  22  2:00  Drone  
  23  2:11  Drone  
  23  2:12  Queen  
  26  2:20  Queen  
  28  2:24  Drone x2  
  29  2:39  Drone  
  29  2:40  Drone  
  29  2:44  Drone x2  
  31  2:45  Drone  
  31  2:47  Drone  
  34  2:55  Overlord, Drone  
  34  3:03  Overlord  
  33  3:11  Overlord  
  33  3:13  Zergling x2  
  33  3:17  Zergling x2  
  35  3:25  Zergling x10  
  40  3:32  Baneling Nest  
  39  3:35  Drone  
  39  3:36  Drone  
  39  3:37  Drone  
Show
View Real Time Build Order
Export as new Build Order

yohilo Terran 

Build Orders:  

Get SALT Encoding   

  12  0:01  SCV  
  13  0:13  SCV  
  14  0:19  Supply Depot  
  14  0:25  SCV  
  15  0:40  Refinery, SCV  
  16  0:52  Barracks  
  16  0:55  SCV  
  17  1:07  SCV  
  18  1:14  Supply Depot  
  18  1:19  SCV  
  19  1:31  SCV  
  20  1:40  Reaper  
  20  1:43  Barracks, SCV  
  22  1:55  Orbital Command  
  22  2:06  Refinery  
  22  2:09  Factory  
  21  2:39  Marine  
  21  2:40  Marine  
  15  2:58  Reaper x2  
  15  3:09  SCV  
  15  3:21  SCV  
  16  3:29  Marine  
  16  3:30  Marine  
Tags
 
Add a new tag
Caveats
  • Supply blocks, unpowered buildings, or Contaminate may cause inaccurate times.
  • Supply counts are checked every 10 seconds.